 Dungeon Crawl Stone Soup version 0.29.1 (webtiles) character file.

Game seed: 5137100192908440714

80 qw the Chopper (level 4, -4/28 HPs)
             Began as a Gargoyle Fighter on Sept 13, 2022.
             Slain by an ogre
             ... wielding a +0 giant club
              (18 damage)
             ... on level 3 of the Dungeon.
             The game lasted 00:00:59 (3126 turns).

qw the Chopper (Gargoyle Fighter)                   Turns: 3126, Time: 00:01:00

Health: -4/28      AC: 10    Str: 22    XL:     4   Next: 39%
Magic:  4/4        EV:  9    Int:  8    God:
Gold:   165        SH:  4    Dex:  9    Spells: 3/3 levels left

rFire   . . .      SeeInvis .   Y - +0 war axe
rCold   . . .      Faith    .   c - +0 buckler
rNeg    + . .      Spirit   .   b - +0 scale mail
rPois   inf        Reflect  .   (no helmet)
rElec   +          Harm     .   (no cloak)
rCorr   .          Rampage  .   (no gloves)
Will    .....                   (no boots)
Stlth   ..........              (no amulet)
HPRegen 0.09/turn               (no ring)
MPRegen 0.09/turn               (no ring)

@: no status effects
A: sickness immunity, AC +3, negative energy resistance 1, electricity
resistance, torment resistance 1, petrification resistance
a: no special abilities


You were on level 3 of the Dungeon.
You visited 1 branch of the dungeon, and saw 3 of its levels.

You collected 165 gold pieces.


Innate Abilities, Weirdness & Mutations

You are immune to sickness and miasma.
Your stone body is resilient. (AC +3)
You are immune to poison.
You resist negative energy. (rN+)
You are resistant to electric shocks. (rElec)
You are resistant to unholy torment.
You are immune to petrification.


   Skills:
 - Level 3.2 Fighting
 + Level 4.1 Axes
 - Level 3.2 Armour
 - Level 3.2 Shields


You had 3 spell levels left.
You didn't know any spells.
Your spell library was empty.

Inventory:

Hand Weapons
 g - a +0 whip
 Y - a +0 war axe (weapon)
Armour
 b - a +0 scale mail (worn)
 c - a +0 buckler (worn)
Scrolls
 a - a scroll of enchant armour
 e - 2 scrolls of identify
Potions
 d - a potion of might
 f - a potion of curing
 h - a potion of brilliance {unknown}
 j - a potion of heal wounds {unknown}

Dungeon Overview and Level Annotations

Branches:
Dungeon (3/15)

Altars:
Gozag
Hepliaklqana
Yredelemnul

Shops:
D:1 [


Message History

The ogre is heavily wounded.
The ogre barely misses you.
You barely miss the ogre.
The ogre is heavily wounded.
Your surroundings suddenly seem different.
A hobgoblin comes into view.
Found a basalt altar of Yredelemnul.
Enter note:
2784 ||| READING scroll of teleportation.
As you read the scroll of teleportation, it crumbles to dust.
You feel strangely unstable.
You closely miss the hobgoblin.
Your surroundings suddenly seem different.
You start resting.
HP restored.
Found a dagger.
A giant cockroach comes into view.
Found 13 gold pieces.
You hit the giant cockroach.
The giant cockroach is heavily wounded.
The giant cockroach bites you.
You slash the giant cockroach!
You kill the giant cockroach!
You see here a giant cockroach corpse.
You see here a +0 dagger.
You now have 165 gold pieces (gained 13).
h - a sedimented purple potion The ogre shouts!
You hit the ogre.
The ogre is lightly wounded.
The ogre hits you with a +0 giant club!
Ouch! That really hurt!
You slash the ogre!
The ogre is heavily wounded.
The ogre barely misses you.
You hit the ogre.
The ogre is severely wounded.
The ogre hits you with a +0 giant club!!
Ouch! That really hurt!
You die...

# # ###########
####### ....O......
.....## ###########
#.~P~. ~~.P7 ..~7
################O.#
................@.#
###################


You could see an ogre.

Vanquished Creatures
  An adder (D:2)
  2 dart slugs (D:1)
  4 ball pythons
  5 bats
  4 endoplasms
  3 giant cockroaches
  7 goblins
  4 hobgoblins
  10 jackals
  8 kobolds
  2 quokkas (D:2)
  3 frilled lizards
  8 rats
61 creatures vanquished.

Notes
Turn   | Place    | Note
-------+----------+-------------------------------------------
     0 | D:1      | qw the Gargoyle Fighter began the quest for the Orb.
     0 | D:1      | Reached XP level 1. HP: 14/14 MP: 1/1
     0 | D:1      | 0 ||| qw: Version: 0.1-a-119-g272c26d
     0 | D:1      | 0 ||| qw: Game counter: 11180
     0 | D:1      | 0 ||| qw: Always use a shield: true
     0 | D:1      | 0 ||| qw: God list: Okawaru
     0 | D:1      | 0 ||| qw: Allow faded altars: false
     0 | D:1      | 0 ||| qw: Do Orc after D:15 true
     0 | D:1      | 0 ||| qw: Do second Lair branch before Depths: true
     0 | D:1      | 0 ||| qw: Lair rune preference: random
     0 | D:1      | 0 ||| qw: Plans: Normal, Zot, God:TSO, Crypt, Tomb, Pan,
                  | Slime, Hells, Zig, Abyss, Orb
     0 | D:1      | 0 ||| PLANNING D:1-11
    38 | D:1      | 38 ||| Stepping ~*~*~tactically~*~*~ (stealth).
    47 | D:1      | Reached skill level 2 in Axes
   299 | D:1      | 299 ||| Stepping ~*~*~tactically~*~*~ (hiding).
   300 | D:1      | 300 ||| Stepping ~*~*~tactically~*~*~ (hiding).
   314 | D:1      | Reached XP level 2. HP: 19/19 MP: 2/2
   338 | D:1      | 338 ||| Stepping ~*~*~tactically~*~*~ (stealth).
   751 | D:1      | Found Plog's Antique Armour Boutique.
   759 | D:1      | Reached skill level 3 in Axes
   766 | D:1      | 766 ||| SHOPLISTING dazzling ring mail (180 gold, have 0).
   766 | D:1      | 766 ||| SHOPLISTING glowing leather armour (100 gold, have
                  | 0).
   766 | D:1      | 766 ||| SHOPLISTING glowing plate armour (520 gold, have
                  | 0).
   766 | D:1      | 766 ||| SHOPLISTING spiked shadow dragon scales (1700 gold,
                  | have 0).
   787 | D:1      | Reached XP level 3. HP: 20/23 MP: 3/3
   930 | D:1      | 930 ||| Stepping ~*~*~tactically~*~*~ (hiding).
  1185 | D:1      | Found a hazy altar of Hepliaklqana.
  1190 | D:1      | 1190 ||| READING scroll labelled ROFEYW DUM.
  1191 | D:1      | 1191 ||| READING scroll labelled EMONYAPROLO.
  1194 | D:1      | 1194 ||| READING scroll labelled ZUUM AQAUVUTOPT.
  1369 | D:2      | 1369 ||| Stepping ~*~*~tactically~*~*~ (stealth).
  2220 | D:2      | Reached XP level 4. HP: 28/28 MP: 4/4
  2274 | D:2      | 2274 ||| Stepping ~*~*~tactically~*~*~ (stealth).
  2354 | D:2      | Found a faded altar of an unknown god.
  2487 | D:2      | Reached skill level 4 in Axes
  2501 | D:2      | 2501 ||| READING 3 scrolls labelled XORISHRIOFY.
  2502 | D:2      | 2502 ||| READING scroll labelled ITZEDE NANOGG.
  2503 | D:2      | 2503 ||| READING scroll labelled LORRA QUOSHREY.
  2504 | D:2      | 2504 ||| READING 2 scrolls of identify.
  2504 | D:2      | 2504 ||| IDENTIFYING ruby potion
  2505 | D:2      | 2505 ||| DROPPING potion of degeneration.
  2594 | D:3      | 2594 ||| Stepping ~*~*~tactically~*~*~ (stealth).
  2596 | D:3      | 2596 ||| Stepping ~*~*~tactically~*~*~ (stealth).
  2597 | D:3      | 2597 ||| Stepping ~*~*~tactically~*~*~ (stealth).
  2634 | D:3      | Found an opulent altar of Gozag.
  2719 | D:3      | 2719 ||| DROPPING +0 club.
  2773 | D:3      | Noticed an ogre
  2780 | D:3      | HP: 2/28 [ogre/+0 giant club (11)]
  2781 | D:3      | 2781 ||| READING 2 scrolls of teleportation.
  2783 | D:3      | Found a basalt altar of Yredelemnul.
  2784 | D:3      | 2784 ||| READING scroll of teleportation.
  3126 | D:3      | Slain by an ogre

Levels and vault maps discovered:
D:1:      dpeg_arrival_water_altar, layout_loops_ring, serial_shops, shop
D:2:      layout_basic, basic_ecumenical_altar
D:3:      layout_basic, general_overflow_altar, mainiacjoe_overflow_paths,
          mainiacjoe_overflow_catwalk, serial_bayou_pond_e

Skill      XL: |  1  2  3  4 |
---------------+-------------+-----
Axes           | 2 3 4 |  4.1
Fighting       | |  3.2
Armour         | |  3.2
Shields        | |  3.2

Action                   |  1- 3 |  4- 6 || total
-------------------------+-------+-------++-------
Melee: War axe           |   149 |    66 ||   215
  Use: Scroll            |     3 |     6 ||     9
Armor: Scale mail        |    77 |    27 ||   104
Dodge: Dodged            |    65 |    22 ||    87
Block: Buckler           |    31 |    16 ||    47

Table legend:
 A = Non-vault XP
 B = Vault XP
 C = Vault XP percentage of total XP
 D = Non-vault monster count
 E = Vault monster count
 F = Vault count percentage of total count
                 A         B        C        D         E       F
            +---------+---------+-------+---------+---------+-------
      Total |     115 |       0 |   0.0 |      61 |       0 |   0.0
            +---------+---------+-------+---------+---------+-------
        D:1 |      55 |       0 |   0.0 |      30 |       0 |   0.0
        D:2 |      44 |       0 |   0.0 |      22 |       0 |   0.0
        D:3 |      16 |       0 |   0.0 |       9 |       0 |   0.0
            +---------+---------+-------+---------+---------+-------
